 Dungeon Crawl Stone Soup version 0.21-a0-210-gbfa5647 (webtiles) character file.

439 Gorglomux the Skirmisher (level 7, 0/62 HPs)
             Began as a Hill Orc Abyssal Knight on Aug 21, 2017.
             Was a Priest of Lugonu.
             Killed from afar by an orc wizard (10 damage)
             ... with a magic dart
             ... on level 3 of the Dungeon.
             The game lasted 00:05:04 (4050 turns).

Gorglomux the Skirmisher (Hill Orc Abyssal Knight)  Turns: 4050, Time: 00:05:05

Health: 0/62       AC:  3    Str: 17    XL:     7   Next: 1%
Magic:  11/11      EV: 11    Int: 14    God:    Lugonu [***...]
Gold:   113        SH:  0    Dex:  8    Spells: 6/6 levels left

rFire    . . .     SeeInvis .   a - +0 war axe
rCold    . . .     Gourm    .   (no shield)
rNeg     + . .     Faith    .   T - +0 leather armour
rPois    .         Spirit   .   (no helmet)
rElec    .         Reflect  .   (no cloak)
rCorr    .         Harm     .   (no gloves)
MR       .....                  (no boots)
Stlth    +.........             (no amulet)
HPRegen  0.20/turn              A - ring of positive energy
MPRegen  0.12/turn              (no ring)

@: slowed, very slow
A: clever 1, clumsy 1, screaming 1
a: Depart the Abyss, Bend Space, Banish, Renounce Religion


You were on level 3 of the Dungeon.
You worshipped Lugonu.
Lugonu was most pleased with you.
You were very hungry.

You visited 1 branch of the dungeon, and saw 4 of its levels.
You visited the Abyss 1 time.

You collected 113 gold pieces.

Inventory:

Hand Weapons
 a - a +0 war axe (weapon)
 b - a +4 dagger of venom
 J - a +1 hand axe
Armour
 T - a +0 leather armour (worn)
Jewellery
 A - a ring of positive energy (left hand)
Wands
 D - a wand of digging (0/24)
Scrolls
 B - 3 scrolls of amnesia {unknown}
 H - a scroll of recharging {unknown}
 K - a scroll of teleportation {unknown}
 P - a scroll of enchant armour {unknown}
 S - 3 scrolls of remove curse {unknown}
Potions
 N - a potion of might {unknown}
 Q - a potion of heal wounds {unknown}
 R - a potion of invisibility {unknown}
Comestibles
 c - 2 bread rations
 z - 3 meat rations
 F - 5 royal jellies
 M - 2 fruits


   Skills:
 + Level 5.9 Fighting
 + Level 5.9 Axes
 - Level 2.1 Armour
 - Level 0.7 Dodging
 + Level 5.8 Invocations


You had 6 spell levels left.
You didn't know any spells.

Dungeon Overview and Level Annotations

Branches:
Dungeon (4/15)
 Temple: D:4-7

Altars:


Innate Abilities, Weirdness & Mutations

Your mind is acute. (Int +2)
You are clumsy. (Dex -2)
You occasionally shout uncontrollably at your foes.


Message History

* * * don't die
* * * The orc wizard barely misses you!
Butt closely miss the orc wizard!
The orc wizard is butt dead!
The orc wizard barely misses you!
The orc wizard hits you but does no damage!
The orc wizard gestures wildly while chanting!
The orc wizard blinks!!!
Unknown command!
The orc wizard gestures wildly while chanting!
The orc wizard blinks!!!
There is a stone staircase leading down here!
The orc wizard gestures at you while chanting!
The magic dart hits you!!! * * * don't die
* * *
Things that are here:
a ring mail; a dagger The orc wizard gestures at you while chanting!
The magic dart hits you!!! rip

#.# #.# #### #.# #.# # #.#
#o# # #.# #.# # #.# #.# #
#.# #.# ######
####.#######[#######.....
##..(.......[>[....##.####
#.......>@o.#)####.##.#
#..#.######.#.# #.##.### ###
#..#.## #.#.# #.##...# ..#
#...#.#####.#.# #.####.#
#.######..###...[[...# #.#
#.# #........## ##.###.###
#.# #.# ....(.....###.## #.#
#.# #.# .#########.#.## #.#
#.# #.#
.##.........######.######<##
#.#


You could see an orc wizard.

Vanquished Creatures
  Sigmund (D:2)
  2 orc wizards (D:3)
  Natasha (thrice) (D:3)
  5 adders
  2 oozes (D:2)
  A worm (D:3)
  3 dart slugs
  3 leopard geckos
  10 orcs
  2 ball pythons
  7 bats
  5 giant cockroaches
  10 goblins
  5 hobgoblins
  5 kobolds
  2 quokkas
  2 frilled lizards
  12 rats
80 creatures vanquished.

Notes
Turn   | Place    | Note
-------+----------+-------------------------------------------
     0 | Abyss:1  | Gorglomux the Hill Orc Abyssal Knight began the quest for the Orb.
     0 | Abyss:1  | Reached XP level 1. HP: 19/19 MP: 2/2
    36 | Abyss:1  | Noticed a fire bat
    40 | D:1      | Escaped the Abyss
   377 | D:1      | Reached skill level 3 in Axes
   393 | D:1      | Reached XP level 2. HP: 26/27 MP: 4/4
   417 | D:1      | Reached * piety under Lugonu
   823 | D:1      | Reached XP level 3. HP: 33/33 MP: 5/5
   990 | D:1      | Reached skill level 3 in Invocations
  1691 | D:2      | Noticed Sigmund
  1705 | D:1      | Reached XP level 4. HP: 17/41 MP: 6/6
  1878 | D:1      | Gained mutation: You are clumsy. (Dex -2) [potion of mutation]
  1878 | D:1      | Gained mutation: You occasionally shout uncontrollably at your foes. [potion of mutation]
  1878 | D:1      | Gained mutation: Your mind is acute. (Int +2) [potion of mutation]
  1901 | D:1      | HP: 2/41 [poisoned by a goblin]
  1909 | D:1      | HP: 1/41 [poisoned by a goblin]
  2360 | D:2      | Killed Sigmund
  2360 | D:2      | Reached XP level 5. HP: 21/48 MP: 6/8
  2360 | D:2      | Reached XP level 6. HP: 25/56 MP: 6/9
  2731 | D:3      | Reached ** piety under Lugonu
  2776 | D:3      | Noticed Natasha
  2779 | D:3      | Killed Natasha
  3374 | D:3      | Noticed Natasha
  3383 | D:3      | Killed Natasha
  3554 | D:3      | Noticed Natasha
  3560 | D:3      | Killed Natasha
  3889 | D:3      | Reached *** piety under Lugonu
  3894 | D:3      | Reached XP level 7. HP: 33/62 MP: 11/11
  4050 | D:3      | Killed from afar by an orc wizard

Vault maps used:
D:1:      minmay_arrival_floating_metal
D:2:      uniq_sigmund
D:3:      uniq_natasha
D:4:      uniq_pikel

Skill      XL: |  1  2  3  4  5  6 |
---------------+-------------------+-----
Axes           | 3 4 5 |  5.9
Fighting       | 4 5 |  5.9
Invocations    | 3 4 5 |  5.8
Armour         | |  2.1
Dodging        | |  0.7

Action                   |  1- 3 |  4- 6 |  7- 9 || total
-------------------------+-------+-------+-------++-------
Melee: Hand axe          |   103 |     7 |       ||   110
       Dagger            |       |    97 |       ||    97
       War axe           |       |     8 |     9 ||    17
Throw: Stone             |       |     4 |       ||     4
Invok: Depart the Abyss  |     1 |       |       ||     1
  Use: Potion            |     1 |     1 |       ||     2
  Eat: Chunk             |     3 |     6 |       ||     9
Armor: Leather armour    |    29 |    22 |     2 ||    53
Dodge: Dodged            |    92 |    59 |    14 ||   165

Table legend:
 A = Spawn XP
 B = Non-spawn XP
 C = Spawn XP percentage of total XP
 D = Spawn monster count
 E = Non-spawn monster count
 F = Spawn count percentage of total count
 G = Total turns spent on level
                    A         B        C        D         E        F      G
               +---------+---------+-------+---------+---------+-------+---------
         Total |      23 |     605 |   3.7 |      11 |      69 |  13.8 |  4050
               +---------+---------+-------+---------+---------+-------+---------
           D:1 |      11 |      44 |  20.0 |       6 |      16 |  27.3 |  1576
           D:2 |       4 |     278 |   1.4 |       2 |      20 |   9.1 |  1134
           D:3 |       8 |     277 |   2.8 |       3 |      31 |   8.8 |  1280
           D:4 |       0 |       6 |   0.0 |       0 |       2 |   0.0 |    20
               +---------+---------+-------+---------+---------+-------+---------
